 Dungeon Crawl Stone Soup version 0.32-a0-876-gcfddb08 (webtiles) character file.

Game seed: 8070226359823217213

135 Dorkslayer the Trooper (level 5, 0/37 HPs)
             Began as an Octopode Fighter on Apr 1, 2024.
             Slain by an orc wizard
             ... wielding a +0 dagger
              (4 damage)
             ... on level 3 of the Dungeon.
             The game lasted 00:03:56 (1678 turns).

Dorkslayer the Trooper (Octopode Fighter)           Turns: 1678, Time: 00:03:56

Health: 0/37       AC:  1    Str: 17    XL:     5   Next: 18%
Magic:  5/5        EV: 12    Int: 10    God:
Gold:   32         SH:  0    Dex: 12    Spells: 4/4 levels left

rFire   . . .        a - +0 war axe
rCold   . . .        b - +0 buckler
rNeg    . . .        (helmet restricted)
rPois   .            (no amulet)
rElec   .            (no ring)
rCorr   .            (no ring)
SInv    .            (no ring)
Will    .....        (no ring)
Stlth   ++           (no ring)
HPRegen 0.26/turn    (no ring)
MPRegen 0.09/turn    (no ring)
                     (no ring)

%: no passive effects
@: confused, mighty, hasted, very quick
A: almost no armour, amphibious, 8 rings, camouflage 1, gelatinous body 1,
(nimble swimmer 1), tentacles
a: Convert to Beogh


You were on level 3 of the Dungeon.
You visited 1 branch of the dungeon, and saw 3 of its levels.

You collected 32 gold pieces.

Inventory:

Hand Weapons
 a - a +0 war axe (weapon)
Armour
 b - a +0 buckler (worn)
Scrolls
 d - a scroll of identify {unknown}
 e - a scroll of immolation {unknown}
 f - a scroll of teleportation {unknown}


   Skills:
 + Level 3.7 Fighting
 + Level 3.3 Axes
 + Level 3.5 Dodging
 + Level 2.5 Stealth
 + Level 3.4 Shields


You had 4 spell levels left.
You didn't know any spells.
Your spell library was empty.

Dungeon Overview and Level Annotations

Branches:
Dungeon (3/15)

Altars:
Ashenzari

Shops:
D:2 (   D:3 :=


Innate Abilities, Weirdness & Mutations

You cannot wear most types of armour.
You are amphibious.
You can wear up to eight rings at the same time.
Your skin changes colour to match your surroundings (Stealth+).
Your rubbery body absorbs attacks. (AC +1, EV +1)
((You are camouflaged when in or above water. (Stealth+)))
You have tentacles for arms and can constrict up to eight enemies at once.


Message History

The kobold barely misses you.
An orc comes into view. It is wielding a +0 flail.
You have reached level 5!
You feel agile.
You closely miss the kobold.
The orc shouts!
You grab the kobold.
The kobold is severely wounded.
You constrict the kobold.
You kill the kobold!
You closely miss the orc wizard. You grab the orc wizard. You slash the orc!
You kill the orc!
You constrict the orc wizard.
The orc wizard hits you with a +0 dagger.
* * * LOW HITPOINT WARNING * * *
An orc priest comes into view. It is wielding a +0 flail.
The orc wizard mumbles some strange words.
The orc wizard flickers and vanishes!
Deactivating autopickup; reactivate with Ctrl-A.
The orc priest shouts!
You release your grip on something.
Something hits you.
* * * LOW HITPOINT WARNING * * *
It was a potion of haste.
You feel yourself speed up. Something hits you.
* * * LOW HITPOINT WARNING * * *
It was a potion of curing.
You feel better.
You feel very mighty all of a sudden.
You hear some strange, mumbled words.
You are confused.
You're too confused to move!
Something barely misses you.
You bump into the rock wall.
You hear some strange, mumbled words.
You are more confused.
You bump into the rock wall.
You're too confused to move!
Something hits you.
* * * LOW HITPOINT WARNING * * *
You miss something.
The orc priest looks braver for a moment.
Something hits you.
You die...

. .### . ... .# ..#
#. #.## #### . #..
..#.#
#.###.######.#.####.
#.........@{o$......
#.#.##.#####o#.####.
#.##.# #<# .. #
#.##.## #)# ..#
#.#.....# #o# ..!
#.#.##..# ..# ##
#.....†## ...
###.##.# §≈§. #.##.#
§≈≈≈


You could see an orc priest and an orc.

Vanquished Creatures
  2 orc priests (D:3)
  3 adders
  A ribbon worm (D:2)
  3 orcs (D:3)
  8 ball pythons
  5 bats
  4 endoplasms (D:1)
  A giant cockroach (D:1)
  3 goblins
  2 hobgoblins
  2 quokkas (D:1)
  4 frilled lizards
  4 kobolds
  5 rats
47 creatures vanquished.

Notes
Turn   | Place    | Note
-------+----------+-------------------------------------------
     0 | D:1      | Dorkslayer the Octopode Fighter began the quest for the
                  | Orb.
     0 | D:1      | Reached XP level 1. HP: 16/16 MP: 1/1
    86 | D:1      | Reached XP level 2. HP: 8/21 MP: 2/2
   851 | D:1      | Reached XP level 3. HP: 26/26 MP: 3/3
  1083 | D:2      | Reached skill level 1 in Stealth
  1174 | D:2      | Found Nofitosmeo's Weapon Shoppe.
  1552 | D:3      | Found Uteteafe's Book Shoppe.
  1552 | D:3      | Found Forphyir's Jewellery Emporium.
  1626 | D:3      | Found a broken altar of Ashenzari.
  1643 | D:3      | Reached XP level 4. HP: 26/31 MP: 4/4
  1667 | D:3      | Reached XP level 5. HP: 10/37 MP: 5/5
  1671 | D:3      | HP: 1/37 [something (4)]
  1678 | D:3      | Slain by an orc wizard

Illustrated notes

Levels and vault maps discovered:
D:1:      dpeg_arrival_three_same_balls, layout_basic, serial_bayou_lagoon_a,
          minmay_statues_item
D:2:      layout_loops_cross, serial_shops, shop
D:3:      layout_loops_ring, lemuel_tele_altar, serial_shops, shop, shop,
          nicolae_shop_waterfront, nicolae_lakefront_shop, shop,
          uniq_crazy_yiuf_cottage

Skill      XL: |  1  2  3  4 |
---------------+-------------+-----
Stealth        | 1 2 |  2.5
Axes           | 3 |  3.3
Fighting       | |  3.7
Dodging        | |  3.5
Shields        | |  3.4

Action                     |  1- 3 |  4- 6 || total
---------------------------+-------+-------++-------
  Melee: War axe           |    78 |    14 ||    92
         Tentacles         |    14 |     1 ||    15
         Constrict         |    24 |     7 ||    31
    Use: Potion            |       |     3 ||     3
   Stab: Sleeping          |     8 |       ||     8
 Armour: Skin              |    38 |    11 ||    49
  Dodge: Dodged            |    43 |     6 ||    49
  Block: Buckler           |    17 |     2 ||    19

Table legend: (Time is in decaauts)
 A = Elapsed time spent in this place.
 B = Non-inter-level travel time spent in this place.
 C = Inter-level travel time spent in this place.
 D = Time resting spent in this place.
 E = Time spent auto-exploring this place.
 F = Levels seen in this place.
 G = Mean time per level.
                   A        B        C        D        E       F      G
               +--------+--------+--------+--------+--------+-----+--------+
         Total |   1714 |   1714 |      0 |      0 |   1098 |   3 |  571.3 |
       Dungeon |   1714 |   1714 |      0 |      0 |   1098 |   3 |  571.3 |
               +--------+--------+--------+--------+--------+-----+--------+

Top non-repeatable levels by time:
     D:1: 933 daAuts
     D:2: 649 daAuts
     D:3: 132 daAuts
